 Dungeon Crawl Stone Soup version 0.22.0-36-g8e74550d25 (webtiles) character file.

3199 Esekla the Slicer (level 9, -9/46 HPs)
             Began as a Vine Stalker Conjurer on Aug 24, 2018.
             Was a Believer of Vehumet.
             Mangled by a yak (13 damage)
             ... on level 7 of the Dungeon.
             The game lasted 01:10:55 (5773 turns).

Esekla the Slicer (Vine Stalker Conjurer)           Turns: 5773, Time: 01:10:55

Health: -9/46      AC:  2    Str: 12    XL:     9   Next: 96%
Magic:  0/26       EV: 12    Int: 16    God:    Vehumet [**....]
Gold:   262        SH:  6    Dex: 16    Spells: 11/17 levels left

rFire    . . .     SeeInvis +   i - +0 dagger (venom)
rCold    . . .     Gourm    .   u - +1 buckler
rNeg     . . .     Faith    .   a - +0 robe
rPois    .         Spirit   +   (no helmet)
rElec    .         Reflect  .   (no cloak)
rCorr    .         Harm     .   (no gloves)
MR       +....                  (no boots)
Stlth    ++........             j - amulet of magic regeneration
HPRegen  0.55/turn              e - ring of see invisible
MPRegen  0.45/turn              w - ring of magical power

@: no status effects
A: fangs 3, regeneration 1, magic shield, antimagic bite, no potion heal 3, rot
immunity
a: Renounce Religion


You were on level 7 of the Dungeon.
You worshipped Vehumet.
Vehumet was pleased with you.
You were not hungry.

You visited 1 branch of the dungeon, and saw 8 of its levels.

You collected 262 gold pieces.

Inventory:

Hand Weapons
 i - a +0 dagger of venom (weapon)
 r - a +0 hand axe of electrocution
 v - a +4 hand axe
Armour
 a - a +0 robe (worn)
 u - a +1 buckler (worn)
Jewellery
 e - a ring of see invisible (left hand)
 j - an amulet of magic regeneration (around neck)
 n - an uncursed amulet of the acrobat
 w - a ring of magical power (right hand)
 y - an uncursed ring of resist corrosion
 B - an uncursed amulet of faith {unknown}
Wands
 x - a wand of acid (9)
 A - a wand of enslavement (18)
Scrolls
 b - a scroll of fog
 d - a scroll of blinking {unknown}
 h - a scroll of enchant weapon {unknown}
 k - 4 scrolls of enchant armour
 o - a scroll of remove curse
 p - 4 scrolls of teleportation
Potions
 f - 2 potions of brilliance {unknown}
 g - 3 potions of magic
 l - 2 potions of flight {unknown}
 m - a potion of agility {unknown}
 q - a potion of haste {unknown}
 s - a potion of invisibility
 t - a potion of curing {unknown}
 z - a potion of mutation {unknown}
Comestibles
 c - 5 rations


   Skills:
 + Level 4.3 Fighting
 * Level 8.0 Short Blades
 - Level 1.5 Dodging
 - Level 2.4 Stealth
 + Level 4.2 Shields
 + Level 4.6 Spellcasting
 + Level 5.1 Conjurations
 * Level 5.4 Hexes


You had 11 spell levels left.
You knew the following spells:

 Your Spells              Type           Power        Failure   Level  Hunger
a - Magic Dart            Conj           ###.         1%          1    None
b - Searing Ray           Conj           ###...       3%          2    ##.....
c - Dazzling Spray        Conj/Hex       ###...       5%          3    ###....

Your spell library contained the following spells:

 Spells                   Type           Power        Failure   Level  Hunger
 Flame Tongue             Conj/Fire      ##...        5%          1    None
 Fulminant Prism          Conj/Hex       ###.......   19%         4    ####...
 Iskenderun's Mystic Bla  Conj           ###.....     19%         4    ####...
 Force Lance              Conj/Tloc      ##......     50%         4    ####...


Dungeon Overview and Level Annotations

Branches:
Dungeon (8/15)             Temple (0/1) D:7
   Lair: D:8-11

Altars:
Dithmenos
Elyvilon
Kikubaaqudgha
Nemelex Xobeh
Sif Muna
Uskayaw
Vehumet
Xom
The Shining One

Annotations:
D:4 1 runed door, Duvessa; denis1488's ghost, amateur MfGl


Innate Abilities, Weirdness & Mutations

You have razor-sharp teeth.
Your natural rate of healing is unusually fast.
When hurt, damage is shared between your health and your magic reserves.
Your bite disrupts and absorbs the magic of your enemies.
Potions cannot restore your health.
You are immune to rotting.


Message History

The yak is severely wounded.
The yak gores you!
* * * LOW HITPOINT WARNING * * *
Casting: Dazzling Spray (safe; 5% risk of failure)
Confirm with . or Enter, or press ? or * to list all spells.
Okay, then.
Evoke which item? (* to show all) (? for menu, Esc to quit)
Okay, then.
You hit the yak.
The yak looks as sick as possible!
The yak is severely wounded.
The yak misses you.
You hit the yak but do no damage.
The yak looks as sick as possible!
Your bite misses the yak.
The yak is almost dead.
You block the yak's attack. The yak gores you!
* * * LOW HITPOINT WARNING * * *
You hit the yak but do no damage. You bite the yak, but do no damage.
The yak is almost dead.
The yak gores you!
You die...

#.......# #.......#
##.#####.#########...#
≈≈≈≈≈≈≈≈.............#
#######≈≈.######.#(#.#
###### # ##≈≈# #.#.#.#
#..... ##≈≈ #.#.#.#
#.#### ##≈#
#.#.#.##### #.# #≈##
#Y#.#.....###.# #≈.#
#@Y#).##...##.# #≈.#
###.#.#.#.#.#.# #≈#≈.#
#.#.........# #≈ #≈.#
#.###.#.#...####
##≈≈##≈.######.#
##..........
#≈≈##≈≈.....##.#
#..########
#≈##≈≈..###.##.####..#
#####≈#≈≈..##
#.##.......#
≈≈≈≈≈≈≈≈..##
#.########.#


You could see 2 yaks.

Vanquished Creatures
  Sigmund (D:6)
  A hungry ghost (D:7)
  3 sky beasts
  2 orc warriors
  2 ice beasts
  2 phantoms
  3 ogres
  A centaur (D:7)
  Blork the orc (D:6)
  4 bullfrogs
  A gnoll sergeant (D:7)
  2 scorpions
  Dowan (D:4)
  A vampire bat (D:7)
  2 howler monkeys
  2 bullfrog zombies (D:7)
  An electric eel (D:7)
  2 crimson imps
  A centaur zombie (D:6)
  A jelly (D:7)
  3 hounds
  5 orc priests
  2 iguanas
  4 orc wizards
  6 worker ants
  A hound skeleton (D:5)
  8 gnolls (D:7)
  12 adders
  A shadow imp (D:6)
  An adder skeleton (D:6)
  3 worms
  6 dart slugs
  5 leopard geckos
  21 orcs
  A bat skeleton (D:7)
  3 bat zombies (D:7)
  8 giant cockroaches
  3 goblins (D:2)
  7 hobgoblins
  12 jackals
  5 quokkas
  2 ball pythons
  5 bats
  4 frilled lizards
  A jackal skeleton (D:4)
  3 kobolds (D:3)
  A leopard gecko zombie (D:6)
  2 quokka skeletons
  2 quokka zombies (D:6)
  5 rats
176 creatures vanquished.

Notes
Turn   | Place    | Note
-------+----------+-------------------------------------------
     0 | D:1      | Esekla the Vine Stalker Conjurer began the quest for the Orb.
     0 | D:1      | Reached XP level 1. HP: 9/9 MP: 4/4
   198 | D:2      | Reached skill level 1 in Fighting
   293 | D:3      | Reached XP level 2. HP: 14/14 MP: 6/6
   380 | D:3      | Reached skill level 1 in Short Blades
   420 | D:3      | Learned a level 2 spell: Searing Ray
   423 | D:3      | Reached skill level 2 in Short Blades
   423 | D:3      | Reached XP level 3. HP: 18/18 MP: 2/7
   608 | D:3      | Gained mutation: Your natural rate of healing is unusually fast. [Vine Stalker growth]
   608 | D:3      | Reached XP level 4. HP: 22/22 MP: 8/8
   690 | D:3      | Learned a level 3 spell: Dazzling Spray
   885 | D:3      | Noticed an ogre
   904 | D:3      | Killed an ogre
   904 | D:3      | Reached skill level 3 in Short Blades
   904 | D:3      | Reached skill level 1 in Hexes
   904 | D:3      | Reached XP level 5. HP: 23/25 MP: 5/9
  1275 | D:2      | Found a shimmering altar of Xom.
  1806 | D:1      | Found a glowing golden altar of the Shining One.
  2018 | D:2      | Reached XP level 6. HP: 14/30 MP: 6/11
  2185 | D:2      | Found a faded altar of an unknown god.
  2393 | D:3      | Reached skill level 4 in Short Blades
  2557 | D:4      | Found a white marble altar of Elyvilon.
  2748 | D:4      | Found a runed door.
  2756 | D:4      | Found a deep blue altar of Sif Muna.
  2795 | D:4      | Reached skill level 1 in Shields
  2905 | D:4      | Noticed denis1488's ghost (amateur MfGl)
  2942 | D:4      | Reached XP level 7. HP: 23/35 MP: 9/12
  3063 | D:4      | Noticed Duvessa
  3063 | D:4      | Noticed Dowan
  3087 | D:4      | Killed Dowan
  3211 | D:5      | Entered Level 5 of the Dungeon
  3223 | D:5      | Reached skill level 5 in Short Blades
  3419 | D:5      | Found a radiant altar of Vehumet.
  3432 | D:5      | Became a worshipper of Vehumet
  3458 | D:5      | Gained mutation: You have razor-sharp teeth. [Vine Stalker growth]
  3458 | D:5      | Reached XP level 8. HP: 39/39 MP: 13/13
  3956 | D:6      | Reached skill level 6 in Short Blades
  4049 | D:6      | Noticed Blork the orc
  4100 | D:6      | Killed Blork the orc
  4106 | D:6      | Noticed Sigmund
  4310 | D:6      | Reached XP level 9. HP: 19/44 MP: 16/16
  4399 | D:6      | Killed Sigmund
  4435 | D:6      | Reached * piety under Vehumet
  4435 | D:6      | Offered knowledge of Sandblast by Vehumet.
  4465 | D:6      | Reached skill level 7 in Short Blades
  4826 | D:7      | Found a staircase to the Ecumenical Temple.
  4955 | D:7      | Reached skill level 5 in Hexes
  4970 | D:7      | Offered knowledge of Flame Tongue by Vehumet.
  4971 | D:7      | Reached ** piety under Vehumet
  4989 | D:7      | Found a shadowy altar of Dithmenos.
  5028 | D:7      | Learned a level 1 spell: Magic Dart
  5063 | D:7      | Found an ancient bone altar of Kikubaaqudgha.
  5158 | D:7      | Reached skill level 5 in Conjurations
  5194 | D:7      | Found a sparkling altar of Nemelex Xobeh.
  5260 | D:7      | Found a hide-covered altar of Uskayaw.
  5736 | D:7      | Reached skill level 8 in Short Blades
  5773 | D:7      | Mangled by a yak

Skill      XL: |  1  2  3  4  5  6  7  8  9 |
---------------+----------------------------+-----
Fighting       | 1 2 3 4 |  4.3
Short Blades   | 2 3 4 5 6 8 |  8.0
Hexes          | 1 2 3 4 5 |  5.4
Shields        | 1 2 3 4 |  4.2
Spellcasting   | 3 4 |  4.6
Conjurations   | 5 |  5.1
Dodging        | |  1.5
Stealth        | |  2.4

Action                   |  1- 3 |  4- 6 |  7- 9 || total
-------------------------+-------+-------+-------++-------
Melee: Dagger            |    18 |   141 |   434 ||   593
       Bite              |     6 |    33 |   128 ||   167
 Cast: Magic Dart        |    13 |    19 |    25 ||    57
       Searing Ray       |     3 |     7 |    20 ||    30
       Dazzling Spray    |       |     1 |     9 ||    10
  Use: Scroll            |       |     6 |     2 ||     8
       Potion            |       |     1 |       ||     1
 Stab: Sleeping          |     2 |     7 |     6 ||    15
       Invisible         |       |     1 |     4 ||     5
  Eat: Ration            |       |     3 |     4 ||     7
Armor: Robe              |     3 |    14 |    38 ||    55
Dodge: Dodged            |    16 |    59 |   167 ||   242
Block: Buckler           |       |    15 |   101 ||   116
